 Dungeon Crawl Stone Soup version 0.31.0-1-g2c135a008e (webtiles) character file.

Game seed: 10940301616756073686

179 qw the Shooter (level 5, -3/40 HPs)
             Began as a Djinni Hunter on Jan 24, 2024.
             Slain by an ogre
             ... wielding a +0 giant spiked club
              (26 damage)
             ... on level 4 of the Dungeon.
             The game lasted 00:00:19 (3322 turns).

qw the Shooter (Djinni Hunter)                      Turns: 3322, Time: 00:00:20

Health: -3/40      AC: 10    Str: 10    XL:     5   Next: 90%
Gold:   207        EV: 11    Int: 10    God:
                   SH:  0    Dex: 19

rFire   + + .        a - +0 shortbow
rCold   x . .        (shield currently unavailable)
rNeg    . . .        d - +0 ring mail
rPois   inf          (no helmet)
rElec   .            c - +2 cloak
rCorr   .            f - +1 pair of gloves
SInv    .            (boots unavailable)
Will    +....        (no amulet)
Stlth   +            e - ring of willpower
HPRegen 0.26/turn    (no ring)
MPRegen 0.00/turn

%: infuse magic (-4 HP)
@: flying
A: sickness immunity, fire resistance 2, cold vulnerability 1, float, innate
caster, HP casting, extra vitality 1
a: no special abilities


You were on level 4 of the Dungeon.
You visited 1 branch of the dungeon, and saw 4 of its levels.

You collected 207 gold pieces.


Innate Abilities, Weirdness & Mutations

You are immune to sickness and miasma.
You are immune to poison.
Your flesh is very heat resistant. (rF++)
You are vulnerable to cold. (rC-)
You float through the air rather than walking.
You learn spells naturally, not from books.
Your magical power is your life essence.
You have superior vitality. (+4 MHP)


   Skills:
 - Level 3.0 Fighting
 - Level 5.0 Ranged Weapons
 - Level 1.1 Armour
 + Level 2.2 Dodging
 - Level 0.7 Stealth


You knew the following spells:

 Your Spells              Type           Power      Damage    Failure   Level
a - Kiss of Death         Conj/Necr      0%         2d5       67%         1
b - Static Discharge      Conj/Air       0%         3-3/arc   82%         2
Your spell library was empty.

Inventory:

Hand Weapons
 a - a +0 shortbow (weapon)
Armour
 c - a +2 cloak (worn)
 d - a +0 ring mail (worn)
 f - a +1 pair of gloves (worn)
Jewellery
 e - a ring of willpower (left hand)
Scrolls
 i - 2 scrolls of enchant weapon {unknown}
Potions
 b - 2 potions of curing
 g - 2 potions of might
 h - a potion of haste {unknown}
 j - 2 potions of heal wounds {unknown}
 k - a potion of resistance

Dungeon Overview and Level Annotations

Branches:
Dungeon (4/15)
 Temple: D:4-7

Altars:

Shops:
D:1 =*(?*


Message History

You shoot an arrow. The arrow hits the ball python.
You kill the ball python!
Found a stone staircase leading down.
Found a scroll of noise.
i - 2 scrolls labelled BETHUKK XEUQAR (gained 1)
You see here a scroll of noise.
There is a stone staircase leading down here.
Found a sling.
You see here a +0 sling.
An ogre comes into view. It is wielding a +0 giant spiked club.
Found a granite ring.
The ogre shouts!
You shoot an arrow. The arrow hits the ogre.
The ogre is lightly wounded.
You hear a shout!
An ogre comes into view. It is wielding a +0 giant spiked club.
You hear a bark!
Enter note:
Enter note:
3313 ||| RETREEEEATING.
Enter note:
3314 ||| RETREEEEATING.
Enter note:
3315 ||| RETREEEEATING.
You shoot an arrow. The arrow hits the ogre!
The ogre is moderately wounded.
3318 ||| RETREEEEATING.
You shoot an arrow. The arrow hits the ogre.
The ogre is moderately wounded.
You shoot an arrow. The arrow hits the ogre!
The ogre is heavily wounded.
The ogre hits you with a +0 giant spiked club!
You shoot an arrow. The arrow hits the ogre.
The ogre is heavily wounded.
The ogre misses you.
You shoot an arrow. The arrow hits the ogre!
The ogre is almost dead.
The ogre hits you with a +0 giant spiked club!!
Ouch! That really hurt!
You die...

##..##.#
##..###.#
#..## #.#
####.#####.##
##...........#
#..##.########
#.###.# #.#
#.# #@# #.#
##O# #.#
###.O# #.#
#...## #.#
#...### #..#
#... #...
.....


You could see 2 ogres.

Vanquished Creatures
  A hound (D:4)
  Natasha (thrice) (D:2)
  4 dart slugs
  A ribbon worm (D:3)
  7 endoplasms
  5 giant cockroaches
  6 goblins
  5 hobgoblins
  3 quokkas
  4 ball pythons
  4 bats (D:1)
  3 frilled lizards (D:1)
  9 kobolds
  7 rats
62 creatures vanquished.

Notes
Turn   | Place    | Note
-------+----------+-------------------------------------------
     0 | D:1      | qw the Djinni Hunter began the quest for the Orb.
     0 | D:1      | Reached XP level 1. HP: 18/18 MP: 0/0
     0 | D:1      | 0 ||| qw: Version: 0.3-a-136-gdd3b4e8
     0 | D:1      | 0 ||| qw: Game counter: 1252
     0 | D:1      | 0 ||| qw: Melee chars always use a shield: true
     0 | D:1      | 0 ||| qw: God list: Okawaru
     0 | D:1      | 0 ||| qw: Allow faded altars: false
     0 | D:1      | 0 ||| qw: Do Orc after clearing Dungeon:15 true
     0 | D:1      | 0 ||| qw: Do second Lair branch before Depths: true
     0 | D:1      | 0 ||| qw: Lair rune preference: random
     0 | D:1      | 0 ||| qw: Goals: Normal
     0 | D:1      | 0 ||| PLANNING D:1-11
    59 | D:1      | Found Luppofut's Jewellery Emporium.
    69 | D:1      | 69 ||| SHOPLISTING +4 ring of protection (504 gold, have
                  | 0).
    69 | D:1      | 69 ||| SHOPLISTING amulet of faith (560 gold, have 0).
    69 | D:1      | 69 ||| SHOPLISTING amulet of reflection (420 gold, have 0).
    69 | D:1      | 69 ||| SHOPLISTING amulet of the acrobat (420 gold, have
                  | 0).
    69 | D:1      | 69 ||| SHOPLISTING ring of Rinaymm {rF+ rN+ rCorr Int+2}
                  | (644 gold, have 0).
    69 | D:1      | 69 ||| SHOPLISTING ring of positive energy (280 gold, have
                  | 0).
    70 | D:1      | Found Eromawn's General Store.
    79 | D:1      | 79 ||| SHOPLISTING scroll of identify (26 gold, have 0).
    79 | D:1      | 79 ||| SHOPLISTING wand of flame (8) (72 gold, have 0).
    79 | D:1      | 79 ||| UPGRADING to +0 ring mail.
    89 | D:1      | 89 ||| DROPPING +0 leather armour.
    90 | D:1      | 90 ||| DROPPING scroll of butterflies.
    98 | D:1      | Found Corumen's Weapon Boutique.
   103 | D:1      | Reached XP level 2. HP: 23/23 MP: 0/0
   234 | D:1      | Found Rucu's Magic Scroll Boutique.
   266 | D:1      | Found Onurish's General Store.
   293 | D:1      | 293 ||| SHOPLISTING scroll of identify (26 gold, have 0).
   293 | D:1      | 293 ||| SHOPLISTING scroll of teleportation (39 gold, have
                  | 0).
   459 | D:1      | Reached XP level 3. HP: 28/28 MP: 0/0
   459 | D:1      | Learned a level 1 spell: Kiss of Death
   504 | D:1      | Reached skill level 4 in Ranged Weapons
   939 | D:1      | 939 ||| UPGRADING to +2 cloak.
   944 | D:1      | 944 ||| UPGRADING to +0 pair of gloves.
   949 | D:1      | 949 ||| READING scroll labelled DUYXEU APIX.
   949 | D:1      | 949 ||| ENCHANTING +0 pair of gloves.
   950 | D:1      | 950 ||| READING scroll labelled RIL ZASISICE.
   951 | D:1      | 951 ||| DRINKING 3 fuming ruby potions.
  1041 | D:2      | Reached skill level 1 in Armour
  1232 | D:2      | Noticed Natasha
  1240 | D:2      | Killed Natasha
  1241 | D:2      | Reached XP level 4. HP: 22/34 MP: 0/0
  1360 | D:2      | Reached skill level 3 in Fighting
  1615 | D:2      | Noticed Natasha
  1622 | D:2      | Killed Natasha
  1623 | D:2      | Reached XP level 5. HP: 38/40 MP: 0/0
  1623 | D:2      | Learned a level 2 spell: Static Discharge
  1627 | D:2      | Noticed Natasha
  1642 | D:2      | Killed Natasha
  1670 | D:2      | 1670 ||| UPGRADING to ring of willpower.
  1671 | D:2      | 1671 ||| DRINKING 2 lumpy dark potions.
  1686 | D:3      | 1686 ||| PLANNING SEWER
  1981 | D:3      | Found a faded altar of an unknown god.
  2054 | D:3      | Identified the +1 robe of the Desert {Int+4}
  2113 | D:3      | Found a glowing drain.
  2114 | D:3      | 2114 ||| DROPPING +1 robe of the Desert {Int+4}.
  2115 | D:3      | 2115 ||| READING scroll labelled UTESHEEQOL.
  2120 | D:3      | 2120 ||| READING scroll labelled ULO UWKECY.
  2221 | D:3      | 2221 ||| READING 3 scrolls labelled HETONI QUOGG.
  2222 | D:3      | 2222 ||| DROPPING 2 scrolls of fog.
  2223 | D:3      | 2223 ||| Stepping randomly (stuck).
  2224 | D:3      | 2224 ||| Stepping randomly (stuck).
  2225 | D:3      | 2225 ||| Stepping randomly (stuck).
  2226 | D:3      | 2226 ||| Stepping randomly (stuck).
  2227 | D:3      | 2227 ||| Stepping randomly (stuck).
  2228 | D:3      | 2228 ||| Stepping randomly (stuck).
  2229 | D:3      | 2229 ||| Stepping randomly (stuck).
  2230 | D:3      | 2230 ||| Stepping randomly (stuck).
  2231 | D:3      | 2231 ||| Stepping randomly (stuck).
  2232 | D:3      | 2232 ||| Stepping randomly (stuck).
  2233 | D:3      | 2233 ||| Stepping randomly (stuck).
  2234 | D:3      | 2234 ||| Stepping randomly (stuck).
  2235 | D:3      | 2235 ||| Stepping randomly (stuck).
  2236 | D:3      | 2236 ||| Stepping randomly (stuck).
  2237 | D:3      | 2237 ||| Stepping randomly (stuck).
  2238 | D:3      | 2238 ||| Stepping randomly (stuck).
  2239 | D:3      | 2239 ||| Stepping randomly (stuck).
  2240 | D:3      | 2240 ||| Stepping randomly (stuck).
  2241 | D:3      | 2241 ||| Stepping randomly (stuck).
  2242 | D:3      | 2242 ||| Stepping randomly (stuck).
  2243 | D:3      | 2243 ||| Stepping randomly (stuck).
  2244 | D:3      | 2244 ||| Stepping randomly (stuck).
  2245 | D:3      | 2245 ||| Stepping randomly (stuck).
  2246 | D:3      | 2246 ||| Stepping randomly (stuck).
  2247 | D:3      | 2247 ||| Stepping randomly (stuck).
  2248 | D:3      | 2248 ||| Stepping randomly (stuck).
  2249 | D:3      | 2249 ||| Stepping randomly (stuck).
  2250 | D:3      | 2250 ||| Stepping randomly (stuck).
  2251 | D:3      | 2251 ||| Stepping randomly (stuck).
  2252 | D:3      | 2252 ||| Stepping randomly (stuck).
  2253 | D:3      | 2253 ||| Stepping randomly (stuck).
  2254 | D:3      | 2254 ||| Stepping randomly (stuck).
  2255 | D:3      | 2255 ||| Stepping randomly (stuck).
  2256 | D:3      | 2256 ||| Stepping randomly (stuck).
  2257 | D:3      | 2257 ||| Stepping randomly (stuck).
  2258 | D:3      | 2258 ||| Stepping randomly (stuck).
  2259 | D:3      | 2259 ||| Stepping randomly (stuck).
  2260 | D:3      | 2260 ||| Stepping randomly (stuck).
  2261 | D:3      | 2261 ||| Stepping randomly (stuck).
  2262 | D:3      | 2262 ||| Stepping randomly (stuck).
  2263 | D:3      | 2263 ||| Stepping randomly (stuck).
  2264 | D:3      | 2264 ||| Stepping randomly (stuck).
  2265 | D:3      | 2265 ||| Stepping randomly (stuck).
  2266 | D:3      | 2266 ||| Stepping randomly (stuck).
  2267 | D:3      | 2267 ||| Stepping randomly (stuck).
  2268 | D:3      | 2268 ||| Stepping randomly (stuck).
  2269 | D:3      | 2269 ||| Stepping randomly (stuck).
  2270 | D:3      | 2270 ||| Stepping randomly (stuck).
  2271 | D:3      | 2271 ||| Stepping randomly (stuck).
  2272 | D:3      | 2272 ||| Stepping randomly (stuck).
  2273 | D:3      | 2273 ||| Stepping randomly (stuck).
  2274 | D:3      | 2274 ||| Stepping randomly (stuck).
  2275 | D:3      | 2275 ||| Stepping randomly (stuck).
  2276 | D:3      | 2276 ||| Stepping randomly (stuck).
  2277 | D:3      | 2277 ||| Stepping randomly (stuck).
  2278 | D:3      | 2278 ||| Stepping randomly (stuck).
  2279 | D:3      | 2279 ||| Stepping randomly (stuck).
  2280 | D:3      | 2280 ||| Stepping randomly (stuck).
  2281 | D:3      | 2281 ||| Stepping randomly (stuck).
  2282 | D:3      | 2282 ||| Stepping randomly (stuck).
  2283 | D:3      | 2283 ||| Stepping randomly (stuck).
  2284 | D:3      | 2284 ||| Stepping randomly (stuck).
  2285 | D:3      | 2285 ||| Stepping randomly (stuck).
  2286 | D:3      | 2286 ||| Stepping randomly (stuck).
  2287 | D:3      | 2287 ||| Stepping randomly (stuck).
  2288 | D:3      | 2288 ||| Stepping randomly (stuck).
  2289 | D:3      | 2289 ||| Stepping randomly (stuck).
  2290 | D:3      | 2290 ||| Stepping randomly (stuck).
  2291 | D:3      | 2291 ||| Stepping randomly (stuck).
  2292 | D:3      | 2292 ||| Stepping randomly (stuck).
  2293 | D:3      | 2293 ||| Stepping randomly (stuck).
  2294 | D:3      | 2294 ||| Stepping randomly (stuck).
  2295 | D:3      | 2295 ||| Stepping randomly (stuck).
  2296 | D:3      | 2296 ||| Stepping randomly (stuck).
  2297 | D:3      | 2297 ||| Stepping randomly (stuck).
  2298 | D:3      | 2298 ||| Stepping randomly (stuck).
  2299 | D:3      | 2299 ||| Stepping randomly (stuck).
  2300 | D:3      | 2300 ||| Stepping randomly (stuck).
  2301 | D:3      | 2301 ||| Stepping randomly (stuck).
  2302 | D:3      | 2302 ||| Stepping randomly (stuck).
  2303 | D:3      | 2303 ||| Stepping randomly (stuck).
  2304 | D:3      | 2304 ||| Stepping randomly (stuck).
  2305 | D:3      | 2305 ||| Stepping randomly (stuck).
  2306 | D:3      | 2306 ||| Stepping randomly (stuck).
  2307 | D:3      | 2307 ||| Stepping randomly (stuck).
  2308 | D:3      | 2308 ||| Stepping randomly (stuck).
  2309 | D:3      | 2309 ||| Stepping randomly (stuck).
  2310 | D:3      | 2310 ||| Stepping randomly (stuck).
  2311 | D:3      | 2311 ||| Stepping randomly (stuck).
  2312 | D:3      | 2312 ||| Stepping randomly (stuck).
  2313 | D:3      | 2313 ||| Stepping randomly (stuck).
  2314 | D:3      | 2314 ||| Stepping randomly (stuck).
  2315 | D:3      | 2315 ||| Stepping randomly (stuck).
  2316 | D:3      | 2316 ||| Stepping randomly (stuck).
  2317 | D:3      | 2317 ||| Stepping randomly (stuck).
  2318 | D:3      | 2318 ||| Stepping randomly (stuck).
  2319 | D:3      | 2319 ||| Stepping randomly (stuck).
  2320 | D:3      | 2320 ||| Stepping randomly (stuck).
  2321 | D:3      | 2321 ||| Stepping randomly (stuck).
  2322 | D:3      | 2322 ||| Stepping randomly (stuck).
  2323 | D:3      | 2323 ||| Stepping randomly (stuck).
  2324 | D:3      | 2324 ||| Stepping randomly (stuck).
  2325 | D:3      | 2325 ||| Stepping randomly (stuck).
  2326 | D:3      | 2326 ||| Stepping randomly (stuck).
  2327 | D:3      | 2327 ||| Stepping randomly (stuck).
  2328 | D:3      | 2328 ||| Stepping randomly (stuck).
  2329 | D:3      | 2329 ||| Stepping randomly (stuck).
  2330 | D:3      | 2330 ||| Stepping randomly (stuck).
  2331 | D:3      | 2331 ||| Stepping randomly (stuck).
  2332 | D:3      | 2332 ||| Stepping randomly (stuck).
  2333 | D:3      | 2333 ||| Stepping randomly (stuck).
  2334 | D:3      | 2334 ||| Stepping randomly (stuck).
  2335 | D:3      | 2335 ||| Stepping randomly (stuck).
  2336 | D:3      | 2336 ||| Stepping randomly (stuck).
  2337 | D:3      | 2337 ||| Stepping randomly (stuck).
  2338 | D:3      | 2338 ||| Stepping randomly (stuck).
  2339 | D:3      | 2339 ||| Stepping randomly (stuck).
  2340 | D:3      | 2340 ||| Stepping randomly (stuck).
  2341 | D:3      | 2341 ||| Stepping randomly (stuck).
  2342 | D:3      | 2342 ||| Stepping randomly (stuck).
  2343 | D:3      | 2343 ||| Stepping randomly (stuck).
  2344 | D:3      | 2344 ||| Stepping randomly (stuck).
  2345 | D:3      | 2345 ||| Stepping randomly (stuck).
  2346 | D:3      | 2346 ||| Stepping randomly (stuck).
  2347 | D:3      | 2347 ||| Stepping randomly (stuck).
  2348 | D:3      | 2348 ||| Stepping randomly (stuck).
  2349 | D:3      | 2349 ||| Stepping randomly (stuck).
  2350 | D:3      | 2350 ||| Stepping randomly (stuck).
  2351 | D:3      | 2351 ||| Stepping randomly (stuck).
  2352 | D:3      | 2352 ||| Stepping randomly (stuck).
  2353 | D:3      | 2353 ||| Stepping randomly (stuck).
  2354 | D:3      | 2354 ||| Stepping randomly (stuck).
  2355 | D:3      | 2355 ||| Stepping randomly (stuck).
  2356 | D:3      | 2356 ||| Stepping randomly (stuck).
  2357 | D:3      | 2357 ||| Stepping randomly (stuck).
  2358 | D:3      | 2358 ||| Stepping randomly (stuck).
  2359 | D:3      | 2359 ||| Stepping randomly (stuck).
  2360 | D:3      | 2360 ||| Stepping randomly (stuck).
  2361 | D:3      | 2361 ||| Stepping randomly (stuck).
  2362 | D:3      | 2362 ||| Stepping randomly (stuck).
  2363 | D:3      | 2363 ||| Stepping randomly (stuck).
  2364 | D:3      | 2364 ||| Stepping randomly (stuck).
  2365 | D:3      | 2365 ||| Stepping randomly (stuck).
  2366 | D:3      | 2366 ||| Stepping randomly (stuck).
  2367 | D:3      | 2367 ||| Stepping randomly (stuck).
  2368 | D:3      | 2368 ||| Stepping randomly (stuck).
  2369 | D:3      | 2369 ||| Stepping randomly (stuck).
  2370 | D:3      | 2370 ||| Stepping randomly (stuck).
  2371 | D:3      | 2371 ||| Stepping randomly (stuck).
  2372 | D:3      | 2372 ||| Stepping randomly (stuck).
  2373 | D:3      | 2373 ||| Stepping randomly (stuck).
  2374 | D:3      | 2374 ||| Stepping randomly (stuck).
  2375 | D:3      | 2375 ||| Stepping randomly (stuck).
  2376 | D:3      | 2376 ||| Stepping randomly (stuck).
  2377 | D:3      | 2377 ||| Stepping randomly (stuck).
  2378 | D:3      | 2378 ||| Stepping randomly (stuck).
  2379 | D:3      | 2379 ||| Stepping randomly (stuck).
  2380 | D:3      | 2380 ||| Stepping randomly (stuck).
  2381 | D:3      | 2381 ||| Stepping randomly (stuck).
  2382 | D:3      | 2382 ||| Stepping randomly (stuck).
  2383 | D:3      | 2383 ||| Stepping randomly (stuck).
  2384 | D:3      | 2384 ||| Stepping randomly (stuck).
  2385 | D:3      | 2385 ||| Stepping randomly (stuck).
  2386 | D:3      | 2386 ||| Stepping randomly (stuck).
  2387 | D:3      | 2387 ||| Stepping randomly (stuck).
  2388 | D:3      | 2388 ||| Stepping randomly (stuck).
  2389 | D:3      | 2389 ||| Stepping randomly (stuck).
  2390 | D:3      | 2390 ||| Stepping randomly (stuck).
  2391 | D:3      | 2391 ||| Stepping randomly (stuck).
  2392 | D:3      | 2392 ||| Stepping randomly (stuck).
  2393 | D:3      | 2393 ||| Stepping randomly (stuck).
  2394 | D:3      | 2394 ||| Stepping randomly (stuck).
  2395 | D:3      | 2395 ||| Stepping randomly (stuck).
  2396 | D:3      | 2396 ||| Stepping randomly (stuck).
  2397 | D:3      | 2397 ||| Stepping randomly (stuck).
  2398 | D:3      | 2398 ||| Stepping randomly (stuck).
  2399 | D:3      | 2399 ||| Stepping randomly (stuck).
  2400 | D:3      | 2400 ||| Stepping randomly (stuck).
  2401 | D:3      | 2401 ||| Stepping randomly (stuck).
  2402 | D:3      | 2402 ||| Stepping randomly (stuck).
  2403 | D:3      | 2403 ||| Stepping randomly (stuck).
  2404 | D:3      | 2404 ||| Stepping randomly (stuck).
  2405 | D:3      | 2405 ||| Stepping randomly (stuck).
  2406 | D:3      | 2406 ||| Stepping randomly (stuck).
  2407 | D:3      | 2407 ||| Stepping randomly (stuck).
  2408 | D:3      | 2408 ||| Stepping randomly (stuck).
  2409 | D:3      | 2409 ||| Stepping randomly (stuck).
  2410 | D:3      | 2410 ||| Stepping randomly (stuck).
  2411 | D:3      | 2411 ||| Stepping randomly (stuck).
  2412 | D:3      | 2412 ||| Stepping randomly (stuck).
  2413 | D:3      | 2413 ||| Stepping randomly (stuck).
  2414 | D:3      | 2414 ||| Stepping randomly (stuck).
  2415 | D:3      | 2415 ||| Stepping randomly (stuck).
  2417 | D:3      | 2417 ||| DRINKING 2 murky red potions.
  2418 | D:3      | 2418 ||| Stepping randomly (stuck).
  2419 | D:3      | 2419 ||| Stepping randomly (stuck).
  2420 | D:3      | 2420 ||| Stepping randomly (stuck).
  2421 | D:3      | 2421 ||| Stepping randomly (stuck).
  2422 | D:3      | 2422 ||| Stepping randomly (stuck).
  2423 | D:3      | 2423 ||| Stepping randomly (stuck).
  2424 | D:3      | 2424 ||| Stepping randomly (stuck).
  2425 | D:3      | 2425 ||| Stepping randomly (stuck).
  2426 | D:3      | 2426 ||| Stepping randomly (stuck).
  2427 | D:3      | 2427 ||| Stepping randomly (stuck).
  2428 | D:3      | 2428 ||| Stepping randomly (stuck).
  2429 | D:3      | 2429 ||| Stepping randomly (stuck).
  2430 | D:3      | 2430 ||| Stepping randomly (stuck).
  2431 | D:3      | 2431 ||| Stepping randomly (stuck).
  2432 | D:3      | 2432 ||| Stepping randomly (stuck).
  2433 | D:3      | 2433 ||| Stepping randomly (stuck).
  2434 | D:3      | 2434 ||| Stepping randomly (stuck).
  2435 | D:3      | 2435 ||| Stepping randomly (stuck).
  2436 | D:3      | 2436 ||| Stepping randomly (stuck).
  2437 | D:3      | 2437 ||| Stepping randomly (stuck).
  2438 | D:3      | 2438 ||| Stepping randomly (stuck).
  2439 | D:3      | 2439 ||| Stepping randomly (stuck).
  2440 | D:3      | 2440 ||| Stepping randomly (stuck).
  2441 | D:3      | 2441 ||| Stepping randomly (stuck).
  2442 | D:3      | 2442 ||| Stepping randomly (stuck).
  2443 | D:3      | 2443 ||| Stepping randomly (stuck).
  2444 | D:3      | 2444 ||| Stepping randomly (stuck).
  2445 | D:3      | 2445 ||| Stepping randomly (stuck).
  2446 | D:3      | 2446 ||| Stepping randomly (stuck).
  2447 | D:3      | 2447 ||| Stepping randomly (stuck).
  2448 | D:3      | 2448 ||| Stepping randomly (stuck).
  2449 | D:3      | 2449 ||| Stepping randomly (stuck).
  2450 | D:3      | 2450 ||| Stepping randomly (stuck).
  2451 | D:3      | 2451 ||| Stepping randomly (stuck).
  2452 | D:3      | 2452 ||| Stepping randomly (stuck).
  2453 | D:3      | 2453 ||| Stepping randomly (stuck).
  2454 | D:3      | 2454 ||| Stepping randomly (stuck).
  2455 | D:3      | 2455 ||| Stepping randomly (stuck).
  2456 | D:3      | 2456 ||| Stepping randomly (stuck).
  2457 | D:3      | 2457 ||| Stepping randomly (stuck).
  2458 | D:3      | 2458 ||| Stepping randomly (stuck).
  2459 | D:3      | 2459 ||| Stepping randomly (stuck).
  2460 | D:3      | 2460 ||| Stepping randomly (stuck).
  2461 | D:3      | 2461 ||| Stepping randomly (stuck).
  2462 | D:3      | 2462 ||| Stepping randomly (stuck).
  2463 | D:3      | 2463 ||| Stepping randomly (stuck).
  2464 | D:3      | 2464 ||| Stepping randomly (stuck).
  2465 | D:3      | 2465 ||| Stepping randomly (stuck).
  2466 | D:3      | 2466 ||| Stepping randomly (stuck).
  2467 | D:3      | 2467 ||| Stepping randomly (stuck).
  2468 | D:3      | 2468 ||| Stepping randomly (stuck).
  2469 | D:3      | 2469 ||| Stepping randomly (stuck).
  2470 | D:3      | 2470 ||| Stepping randomly (stuck).
  2471 | D:3      | 2471 ||| Stepping randomly (stuck).
  2472 | D:3      | 2472 ||| Stepping randomly (stuck).
  2473 | D:3      | 2473 ||| Stepping randomly (stuck).
  2474 | D:3      | 2474 ||| Stepping randomly (stuck).
  2475 | D:3      | 2475 ||| Stepping randomly (stuck).
  2476 | D:3      | 2476 ||| Stepping randomly (stuck).
  2477 | D:3      | 2477 ||| Stepping randomly (stuck).
  2478 | D:3      | 2478 ||| Stepping randomly (stuck).
  2479 | D:3      | 2479 ||| Stepping randomly (stuck).
  2480 | D:3      | 2480 ||| Stepping randomly (stuck).
  2481 | D:3      | 2481 ||| Stepping randomly (stuck).
  2482 | D:3      | 2482 ||| Stepping randomly (stuck).
  2483 | D:3      | 2483 ||| Stepping randomly (stuck).
  2484 | D:3      | 2484 ||| Stepping randomly (stuck).
  2485 | D:3      | 2485 ||| Stepping randomly (stuck).
  2486 | D:3      | 2486 ||| Stepping randomly (stuck).
  2487 | D:3      | 2487 ||| Stepping randomly (stuck).
  2488 | D:3      | 2488 ||| Stepping randomly (stuck).
  2489 | D:3      | 2489 ||| Stepping randomly (stuck).
  2490 | D:3      | 2490 ||| Stepping randomly (stuck).
  2491 | D:3      | 2491 ||| Stepping randomly (stuck).
  2492 | D:3      | 2492 ||| Stepping randomly (stuck).
  2493 | D:3      | 2493 ||| Stepping randomly (stuck).
  2494 | D:3      | 2494 ||| Stepping randomly (stuck).
  2495 | D:3      | 2495 ||| Stepping randomly (stuck).
  2496 | D:3      | 2496 ||| Stepping randomly (stuck).
  2497 | D:3      | 2497 ||| Stepping randomly (stuck).
  2498 | D:3      | 2498 ||| Stepping randomly (stuck).
  2499 | D:3      | 2499 ||| Stepping randomly (stuck).
  2500 | D:3      | 2500 ||| Stepping randomly (stuck).
  2501 | D:3      | 2501 ||| Stepping randomly (stuck).
  2502 | D:3      | 2502 ||| Stepping randomly (stuck).
  2503 | D:3      | 2503 ||| Stepping randomly (stuck).
  2504 | D:3      | 2504 ||| Stepping randomly (stuck).
  2505 | D:3      | 2505 ||| Stepping randomly (stuck).
  2506 | D:3      | 2506 ||| Stepping randomly (stuck).
  2507 | D:3      | 2507 ||| Stepping randomly (stuck).
  2508 | D:3      | 2508 ||| Stepping randomly (stuck).
  2509 | D:3      | 2509 ||| Stepping randomly (stuck).
  2510 | D:3      | 2510 ||| Stepping randomly (stuck).
  2511 | D:3      | 2511 ||| Stepping randomly (stuck).
  2512 | D:3      | 2512 ||| Stepping randomly (stuck).
  2513 | D:3      | 2513 ||| Stepping randomly (stuck).
  2514 | D:3      | 2514 ||| Stepping randomly (stuck).
  2515 | D:3      | 2515 ||| Stepping randomly (stuck).
  2516 | D:3      | 2516 ||| Stepping randomly (stuck).
  2517 | D:3      | 2517 ||| Stepping randomly (stuck).
  2518 | D:3      | 2518 ||| Stepping randomly (stuck).
  2519 | D:3      | 2519 ||| Stepping randomly (stuck).
  2520 | D:3      | 2520 ||| Stepping randomly (stuck).
  2521 | D:3      | 2521 ||| Stepping randomly (stuck).
  2522 | D:3      | 2522 ||| Stepping randomly (stuck).
  2523 | D:3      | 2523 ||| Stepping randomly (stuck).
  2524 | D:3      | 2524 ||| Stepping randomly (stuck).
  2525 | D:3      | 2525 ||| Stepping randomly (stuck).
  2526 | D:3      | 2526 ||| Stepping randomly (stuck).
  2527 | D:3      | 2527 ||| Stepping randomly (stuck).
  2528 | D:3      | 2528 ||| Stepping randomly (stuck).
  2529 | D:3      | 2529 ||| Stepping randomly (stuck).
  2530 | D:3      | 2530 ||| Stepping randomly (stuck).
  2531 | D:3      | 2531 ||| Stepping randomly (stuck).
  2532 | D:3      | 2532 ||| Stepping randomly (stuck).
  2533 | D:3      | 2533 ||| Stepping randomly (stuck).
  2534 | D:3      | 2534 ||| Stepping randomly (stuck).
  2535 | D:3      | 2535 ||| Stepping randomly (stuck).
  2536 | D:3      | 2536 ||| Stepping randomly (stuck).
  2537 | D:3      | 2537 ||| Stepping randomly (stuck).
  2538 | D:3      | 2538 ||| Stepping randomly (stuck).
  2539 | D:3      | 2539 ||| Stepping randomly (stuck).
  2540 | D:3      | 2540 ||| Stepping randomly (stuck).
  2541 | D:3      | 2541 ||| Stepping randomly (stuck).
  2542 | D:3      | 2542 ||| Stepping randomly (stuck).
  2543 | D:3      | 2543 ||| Stepping randomly (stuck).
  2544 | D:3      | 2544 ||| Stepping randomly (stuck).
  2561 | D:3      | 2561 ||| RIP SEWER
  2561 | D:3      | 2561 ||| PLANNING D:1-11
  3029 | D:3      | 3029 ||| READING scroll labelled UCKOPY SEAGU.
  3146 | D:4      | Reached skill level 5 in Ranged Weapons
  3311 | D:4      | Noticed an ogre
  3312 | D:4      | Noticed an ogre
  3313 | D:4      | 3313 ||| RETREEEEATING.
  3314 | D:4      | 3314 ||| RETREEEEATING.
  3315 | D:4      | 3315 ||| RETREEEEATING.
  3318 | D:4      | 3318 ||| RETREEEEATING.
  3322 | D:4      | Slain by an ogre

Levels and vault maps discovered:
D:1:      saegor_arrival_miasma, layout_basic, serial_shops,
          nicolae_shop_tiny_glass, nicolae_shop_bloodbath_and_beyond,
          nicolae_shop_window_shopping, nicolae_shop_back_alley_shop, shop,
          roderic_roman_lattice, minmay_bisected
D:2:      minmay_door_path, layout_rooms, kennysheep_generic_room_5,
          uniq_natasha
D:3:      layout_basic, shapermc_ecumenical_altar_ellora,
          cheibrodos_sewer_entry_drain, nrook_mini_backslash
D:4:      layout_basic, minmay_temple_entry_steel_oval, grunt_ministairs_1,
          uniq_edmund

Skill      XL: |  1  2  3  4  5 |
---------------+----------------+-----
Ranged Weapons | 4 5 |  5.0
Armour         | 1 |  1.1
Fighting       | 3 |  3.0
Dodging        | |  2.2
Stealth        | |  0.7

Action                     |  1- 3 |  4- 6 || total
---------------------------+-------+-------++-------
   Fire: Shortbow          |    68 |   117 ||   185
    Use: Scroll            |     2 |     4 ||     6
         Potion            |     1 |     2 ||     3
 Armour: Ring mail         |    14 |    43 ||    57
  Dodge: Dodged            |     9 |    33 ||    42

Table legend:
 A = Non-vault XP
 B = Vault XP
 C = Vault XP percentage of total XP
 D = Non-vault monster count
 E = Vault monster count
 F = Vault count percentage of total count
                 A         B        C        D         E       F
            +---------+---------+-------+---------+---------+-------
      Total |     202 |      55 |  21.4 |      50 |      12 |  19.4
            +---------+---------+-------+---------+---------+-------
        D:1 |      37 |       5 |  11.9 |      24 |       3 |  11.1
        D:2 |      87 |      45 |  34.1 |      10 |       6 |  37.5
        D:3 |      26 |       5 |  16.1 |      11 |       3 |  21.4
        D:4 |      52 |       0 |   0.0 |       5 |       0 |   0.0
            +---------+---------+-------+---------+---------+-------
